Map: Bridgehead LE (Void)

Players

wabbajack

  • Race: Zerg Zerg
  • League: Gold

GOLT - Winner!

  • Race: Zerg Zerg
  • League: Gold

VOD

Have the link to the VOD?

Description

Time

  • Played on: July 21, 2015, 10:31 p.m.
  • Length: 7:56
Show
View Real Time Build Order
Export as new Build Order

wabbajack Zerg 

Build Orders: Hatch First 

Get SALT Encoding   

  12  0:01  Drone  
  13  0:12  Overlord  
  13  0:18  Drone  
  14  0:22  Extractor  
  14  0:23  Drone  
  15  0:31  Drone  
  15  0:35  Drone  
  17  0:53  Hatchery  
  16  0:57  Drone  
  16  0:59  Drone  
  16  1:02  Extractor  
  17  1:10  Drone  
  18  1:13  Extractor  
  18  1:24  Spawning Pool  
  17  1:30  Drone x2  
  19  1:41  Overlord  
  19  1:56  Drone  
  20  2:10  Extractor  
  20  2:11  Queen  
  20  2:12  Queen  
  20  2:14  Drone x3  
  26  2:21  Drone  
  26  2:22  Drone  
  28  2:31  Roach Warren  
  27  2:40  Spine Crawler  
  26  2:44  Drone  
  26  2:45  Drone  
  26  2:49  Drone x2  
  30  2:52  Drone  
  31  2:58  Overlord  
  30  3:32  Spine Crawler  
  26  3:34  Queen  
  26  3:40  Roach  
  26  3:41  Roach x7  
  39  4:14  Drone  
  39  4:15  Drone x2  
  39  4:16  Drone x2  
  44  4:17  Overlord  
  44  4:18  Overlord x2  
  44  4:48  Roach x7  
  44  4:49  Roach  
  44  4:50  Roach  
  62  5:00  Overlord  
  62  5:07  Drone x3  
  62  5:08  Drone  
  62  5:10  Overlord  
  66  5:29  Zergling x14  
  66  5:30  Zergling x4  
  75  5:40  Overlord  
  75  5:42  Lair  
  75  5:55  Overlord  
  75  5:57  Drone  
  75  5:58  Drone x6  
  81  6:15  Zergling x2  
  81  6:16  Zergling x2  
  81  6:17  Zergling x12  
  50  7:11  Hatchery  
  39  7:33  Extractor  
  39  7:35  Drone x3  
  39  7:36  Drone x3  
  44  7:38  Drone  
  44  7:39  Drone x2  
  50  7:45  Extractor  
  50  7:47  Hydralisk Den  
Show
View Real Time Build Order
Export as new Build Order

GOLT Zerg - Winner!

Build Orders: Hatch First 

Get SALT Encoding   

  12  0:02  Drone  
  13  0:13  Overlord  
  13  0:18  Drone  
  14  0:23  Extractor  
  14  0:24  Drone  
  14  0:34  Drone  
  14  0:35  Drone  
  16  0:57  Hatchery  
  16  0:59  Drone  
  16  1:15  Spawning Pool  
  15  1:20  Drone  
  15  1:21  Drone  
  17  1:27  Overlord  
  17  1:45  Drone  
  18  2:02  Queen  
  18  2:03  Zergling x4  
  18  2:04  Zergling x2  
  23  2:09  Queen  
  23  2:10  Drone  
  26  2:16  Zergling x2  
  26  2:21  Drone  
  28  2:30  Roach Warren  
  28  2:31  Drone  
  28  2:37  Metabolic Boost  
  28  2:41  Drone  
  29  2:56  Drone  
  29  2:57  Drone  
  31  2:59  Drone  
  31  3:00  Drone x2, Extractor  
  33  3:17  Lair  
  32  3:20  Drone x2  
  33  3:44  Drone x3  
  33  3:46  Overlord x2  
  35  4:10  Drone x3, Extractor  
  35  4:11  Extractor  
  35  4:12  Roach x4  
  35  4:13  Roach x2  
  35  4:14  Overlord  
  47  4:20  Drone x2  
  47  4:21  Drone x2  
  51  4:29  Glial Reconstitution  
  51  4:37  Drone  
  52  4:53  Hatchery  
  52  4:54  Drone x4  
  52  4:55  Hydralisk Den  
  52  4:58  Drone  
  52  4:59  Evolution Chamber, Drone x2  
  56  5:00  Evolution Chamber  
  55  5:11  Overlord  
  55  5:14  Overlord x2  
  55  5:30  Roach x4  
  55  5:31  Roach x2  
  55  5:34  Roach  
  69  5:48  Roach x4  
  77  5:52  Zerg Missile Weapons Level 1  
  77  6:05  Roach  
  77  6:06  Roach x3  
  77  6:10  Roach  
  87  6:22  Overlord x2  
  83  6:31  Roach x4  
  83  6:32  Roach  
  83  6:33  Roach  
  83  6:37  Roach  
  67  6:48  Roach  
  67  6:51  Roach  
  67  6:54  Roach  
  69  7:03  Roach  
  69  7:07  Roach x4  
  69  7:24  Roach  
  69  7:26  Roach x6  
  83  7:37  Zergling x2  
  83  7:38  Zergling x6  
  83  7:41  Hatchery  
Tags
 
Add a new tag
Caveats
  • Supply blocks, unpowered buildings, or Contaminate may cause inaccurate times.
  • Supply counts are checked every 10 seconds.